 Dungeon Crawl Stone Soup version 0.25.0-10-g039870e (webtiles) character file.

Game seed: 10456665807400995973

85 ratboy the Skirmisher (level 4, -4/40 HPs)
             Began as a Ghoul Monk on June 23, 2020.
             Slain by an ogre
             ... wielding a +0 giant spiked club
              (32 damage)
             ... on level 4 of the Dungeon.
             The game lasted 00:04:45 (1683 turns).

ratboy the Skirmisher (Ghoul Monk)                  Turns: 1683, Time: 00:04:45

Health: -4/40      AC:  2    Str: 15    XL:     4   Next: 48%
Magic:  3/3        EV: 12    Int:  5    God:
Gold:   49         SH:  0    Dex: 11    Spells: 3/3 levels left

rFire    . . .     SeeInvis .     - Unarmed
rCold    + . .     Gourm    .   (no shield)
rNeg     + + +     Faith    .   a - +0 robe
rPois    ∞         Spirit   .   (no helmet)
rElec    .         Reflect  .   (no cloak)
rCorr    .         Harm     .   (no gloves)
MR       .....                  (no boots)
Stlth    ++........             (no amulet)
HPRegen  0.00/turn              (no ring)
MPRegen  0.08/turn              (no ring)

@: rotting
A: rotting body, claws 1, carnivore, cold resistance 1, negative energy
resistance 3, inhibited regeneration, torment resistance, unbreathing
a: no special abilities


You were on level 4 of the Dungeon.
You were not hungry.

You visited 1 branch of the dungeon, and saw 4 of its levels.

You collected 49 gold pieces.

Inventory:

Missiles
 e - 81 stones (quivered)
Armour
 a - a +0 robe (worn)
Scrolls
 c - 3 scrolls of remove curse {unknown}
 g - 2 scrolls of identify {unknown}
Potions
 d - a potion of lignification {unknown}
 h - 2 potions of mutation {unknown}
 i - a potion of might {unknown}
Comestibles
 b - 2 rations


   Skills:
 + Level 4.2 Fighting
 - Level 2.6 Dodging
 + Level 3.6 Stealth
 + Level 4.2 Unarmed Combat


You had 3 spell levels left.
You didn't know any spells.
Your spell library was empty.

Dungeon Overview and Level Annotations

Branches:
Dungeon (4/15)
 Temple: D:4-7

Altars:
Nemelex Xobeh

Annotations:
D:4 2 transporters


Innate Abilities, Weirdness & Mutations

Your body is rotting away.
You thrive on raw meat.
You are immune to poison.
You have sharp fingernails.
You are carnivorous and can eat meat at any time.
Your flesh is cold resistant. (rC+)
You are immune to negative energy. (rN+++)
You do not regenerate when monsters are visible.
You are immune to unholy pain and torment.
You can survive without breathing.


Message History

The ogre hits you with a +0 giant spiked club.
You scratch the ogre.
The ogre is heavily wounded.
You closely miss the ogre.
The ogre is heavily wounded.
The ogre misses you.
You scratch the ogre.
The ogre is severely wounded.
The ogre hits you with a +0 giant spiked club!
* * * LOW HITPOINT WARNING * * *
Eat one of 3 chunks of flesh? (ye/n/q)
You eat one of the 3 chunks of flesh.
This raw flesh tastes great!
Eat one of 2 chunks of flesh? (ye/n/q)
You eat one of the 2 chunks of flesh.
This raw flesh tastes great!
The ogre closely misses you.
Eat a chunk of flesh? (ye/n/q)
You eat the chunk of flesh.
This raw flesh tastes great!
The ogre hits you with a +0 giant spiked club!!
Ouch! That really hurt!
You die...

#.##
##.####.###
.....##.####.#
#............#
####.##.######
###...#.#
##.##
.......(#
#....
###...#(#
##.## ##.##O#
###### #. #n#
...... # #.#
###### #.# (.#
### # ## #. #.
#.


You could see an ogre.

Vanquished Creatures
  2 adders
  A worm (D:3)
  2 dart slugs (D:1)
  2 leopard geckos
  2 orcs (D:3)
  A ball python (D:3)
  3 bats
  2 giant cockroaches
  8 goblins
  7 hobgoblins
  7 jackals
  A quokka (D:3)
  2 frilled lizards
  4 kobolds (D:1)
  7 rats
51 creatures vanquished.

Notes
Turn   | Place    | Note
-------+----------+-------------------------------------------
     0 | D:1      | ratboy the Ghoul Monk began the quest for the Orb.
     0 | D:1      | Reached XP level 1. HP: 19/19 MP: 0/0
    92 | D:1      | Reached XP level 2. HP: 26/26 MP: 1/1
   192 | D:1      | You fall into a shaft and drop 1 floor!
   653 | D:1      | Reached XP level 3. HP: 33/33 MP: 2/2
  1375 | D:3      | Reached XP level 4. HP: 29/40 MP: 3/3
  1478 | D:3      | Found a sparkling altar of Nemelex Xobeh.
  1612 | D:4      | Found a transporter.
  1630 | D:4      | Found a transporter.
  1667 | D:4      | Noticed an ogre
  1683 | D:4      | Slain by an ogre

Illustrated notes

Levels and vault maps discovered:
D:1:      dpeg_arrival_boxes_within_box, layout_rooms
D:2:      layout_basic, grunt_ministairs_14
D:3:      layout_loops_ring, nicolae_overflow_hidden_temple
D:4:      gammafunk_steamed_eel, layout_loops_ring, first_ration,
          portal_sewer_entry_e

Skill      XL: |  1  2  3 |
---------------+----------+-----
Stealth        | 3 |  3.6
Fighting       | 4 |  4.2
Unarmed Combat | 4 |  4.2
Dodging        | |  2.6

Action                   |  1- 3 |  4- 6 || total
-------------------------+-------+-------++-------
Melee: Unarmed           |   140 |    28 ||   168
Throw: Stone             |       |     2 ||     2
 Stab: Sleeping          |     4 |     3 ||     7
  Eat: Chunk             |     8 |     8 ||    16
Armor: Robe              |    19 |       ||    19
Dodge: Dodged            |    91 |    17 ||   108
